 Dungeon Crawl Stone Soup version 0.22.1-1-ga44c0e56f4 (webtiles) character file.

65912 Mjsee792 the Peltast (level 14, -1/130 HPs)
             Began as a Minotaur Fighter on Oct 16, 2018.
             Was the Champion of Okawaru.
             Engulfed by an ice statue's freezing vapour (28 damage)
             ... in an ice cave.
             The game lasted 01:33:30 (28199 turns).

Mjsee792 the Peltast (Minotaur Fighter)            Turns: 28199, Time: 01:33:31

Health: -1/130     AC: 38    Str: 21    XL:     14   Next: 77%
Magic:  16/16      EV: 23    Int:  3    God:    Okawaru [******]
Gold:   1402       SH: 18    Dex: 13    Spells: 13/13 levels left

rFire    + + .     SeeInvis .   P - +3 trident (protect)
rCold    . . .     Gourm    .   V - +2 shield {rPois}
rNeg     . . .     Faith    .   M - +2 chain mail "Oneuvuc" {rElec rF+++ rC-}
rPois    +         Spirit   .   K - +2 hat
rElec    +         Reflect  .   e - +1 cloak {+Inv}
rCorr    .         Harm     .   g - +0 pair of gloves
MR       +....                  Y - +0 pair of boots {Stlth+}
Stlth    ..........             z - amulet of the acrobat
HPRegen  0.00/turn              A - ring of Robustness {AC+8}
MPRegen  0.15/turn              R - ring of ice

@: protection aura, acrobat
A: retaliatory headbutt, horns 2, clumsy 1, dopey 1, inhibited regeneration
a: Heroism, Finesse, Renounce Religion, Evoke Invisibility


You were in an ice cave.
You worshipped Okawaru.
Okawaru was exalted by your worship.
You were not hungry.

You visited 4 branches of the dungeon, and saw 21 of its levels.
You also visited: Ossuary and Ice Cave.

You collected 1937 gold pieces.
You spent 535 gold pieces at shops.

Inventory:

Hand Weapons
 P - a +3 trident of protection (weapon)
Missiles
 L - 6 steel javelins (quivered)
 O - 6 tomahawks of dispersal
Armour
 e - a +1 cloak of invisibility (worn)
 g - a +0 pair of gloves (worn)
 K - a +2 hat (worn)
 M - the +2 chain mail "Oneuvuc" (worn) {rElec rF+++ rC-}
   (Okawaru gifted it to you on level 11 of the Dungeon)

   It renders you almost immune to fire.
   It makes you vulnerable to cold.
   It insulates you from electricity.
 V - a +2 shield of poison resistance (worn)
 Y - a +0 pair of boots of stealth (worn)
Jewellery
 s - an uncursed ring of protection from magic
 z - an amulet of the acrobat (around neck)
 A - the ring of Robustness (left hand) {AC+8}
   (You found it on level 8 of the Dungeon)

   [ring of protection]

   It affects your AC (+8).
 G - a +5 ring of evasion
 R - a ring of ice (right hand)
Wands
 h - a wand of acid (1)
 m - a wand of disintegration (1)
 y - a wand of digging (15)
 H - a wand of polymorph (15)
 J - a wand of enslavement (10)
 N - a wand of iceblast (11)
 U - a wand of flame (38)
Scrolls
 b - 2 scrolls of enchant armour
 k - 4 scrolls of identify
 q - 3 scrolls of magic mapping
 u - 6 scrolls of remove curse
 w - 11 scrolls of teleportation
 x - 2 scrolls of amnesia
 D - 3 scrolls of fear
 F - 2 scrolls of fog
Potions
 d - a potion of agility {unknown}
 j - a potion of cancellation
 l - 3 potions of brilliance
 n - 4 potions of resistance
 o - 5 potions of lignification
 p - a potion of invisibility
 r - 9 potions of curing
 v - 3 potions of heal wounds
 I - a potion of berserk rage
 W - a potion of might
Miscellaneous
 a - a phial of floods
 E - a phantom mirror
 S - a sack of spiders
Comestibles
 f - 41 rations


   Skills:
 + Level 13.9 Fighting
 - Level 2.4 Polearms
 * Level 15.9 Armour
 + Level 20.3 Shields
 - Level 4.0 Invocations
 - Level 4.0 Evocations


You had 13 spell levels left.
You didn't know any spells.
Your spell library contained the following spells:

 Spells                   Type           Power        Failure   Level  Hunger
 Beastly Appendage        Tmut           #.....       96%         1    ##.....
 Flame Tongue             Conj/Fire      #....        96%         1    ##.....
 Shock                    Conj/Air       #...         96%         1    ##.....
 Sticks to Snakes         Tmut           #.......     99%         2    ###....
 Swiftness                Chrm/Air       #.......     99%         2    ###....
 Throw Flame              Conj/Fire      #.....       99%         2    ###....
 Conjure Flame            Conj/Fire      #.......     100%        3    ####...
 Inner Flame              Hex/Fire       #.......     100%        3    ####...
 Spider Form              Tmut/Pois      #.........   100%        3    ####...
 Static Discharge         Conj/Air       #.......     100%        3    ####...
 Airstrike                Air            #.........   100%        4    #####..
 Ice Form                 Ice/Tmut       #.......     100%        4    #####..
 Sticky Flame             Conj/Fire      #.......     100%        4    #####..
 Blade Hands              Tmut           #.........   100%        5    ######.
 Fireball                 Conj/Fire      #.........   100%        5    ######.
 Lightning Bolt           Conj/Air       #.........   100%        5    ######.


Dungeon Overview and Level Annotations

Branches:
Dungeon (15/15)            Temple (1/1) D:4            Lair (3/6) D:9
  Snake (0/4) Lair:2          Orc (2/2) D:12            Elf (0/3) Orc:2
 Vaults (0/5) D:14
  Swamp: Lair:2-4    Shoals: Lair:2-4    Depths: D:15

Altars:
Cheibriados
Elyvilon
Gozag
Hepliaklqana
Kikubaaqudgha
Nemelex Xobeh
Okawaru
Qazlal
Trog
Uskayaw
Vehumet
Wu Jian
Xom
Yredelemnul
Beogh

Shops:
D:6 [   D:12 (   Orc:1 :   Orc:2 :

Annotations:
D:13 3 runed doors, Mjsee792's ghost, journeyman MiFi IceCv exclusion: ice statue


Innate Abilities, Weirdness & Mutations

You reflexively headbutt those who attack you in melee.
You have a pair of horns on your head.
You are clumsy. (Dex -2)
You are dopey. (Int -2)
You do not regenerate when monsters are visible.


Message History

Unknown command.
You hit the ice statue. You headbutt the ice statue.
The ice statue is almost destroyed.
You block the ice beast's attack.
The ice beast hits you but does no damage.
You block the ice beast's attack. The ice statue gestures at you.
The freezing blast engulfs you!
The ice beast hits you but does no damage.
You block the ice beast's attack.
Unknown command.
You hit the ice statue.
The ice statue is almost destroyed.
You are engulfed in freezing vapours.
* * * LOW HITPOINT WARNING * * *
You block the ice beast's attack.
The ice beast hits you but does no damage. x2
You block the ice beast's attack.
You are engulfed in freezing vapours.
You die...

#### ##.#.#### ####
##.......# #### ##..##
#.......####..#####....##
#........##....##.......#
#...........#.......∩.∩.#
##.....§§..###..........#
#....§§@### ##..##....##
#....Y§## ######..##
#....YY8# #### ##.....##
##....# ##..## ... ...#
##..


You could see 3 ice beasts.

Vanquished Creatures
  An orc warlord (D:12)
  Snorg (D:11)
  Fannar (D:12)
  Erolcha (D:11)
  2 hydras
  Harold (D:11)
  4 vault guards (D:14)
  An ogre mage (D:11)
  5 two-headed ogres
  A tengu warrior (D:12)
  2 orc high priests
  Urug (D:10)
  Nergalle (D:12)
  Sonja (D:12)
  5 skeletal warriors
  A glowing orange brain (D:14)
  2 unseen horrors
  A wizard (D:14)
  An unseen horror (shapeshifter) (D:15)
  An orc knight (Orc:2)
  2 ugly things
  2 cyclopes
  4 orc sorcerers
  An oklob plant (Lair:1)
  2 manticores (D:15)
  An ice statue (IceCv)
  An elephant (shapeshifter) (D:11)
  Maurice (D:9)
  Psyche (D:9)
  A spiny frog (Lair:2)
  A gargoyle (D:14)
  4 kobold demonologists (D:7)
  A freezing wraith (D:13)
  8 komodo dragons
  3 yaktaurs (D:15)
  2 ice devils (Lair:3)
  8 trolls
  A tengu conjurer (D:14)
  2 polar bears (D:11)
  A merfolk (D:10)
  Prince Ribbit (D:9)
  2 hornets
  14 slime creatures
  A meliai zombie (D:13)
  3 hippogriffs
  A hippogriff (shapeshifter) (D:12)
  A vampire (D:9)
  3 wyverns
  2 wraiths
  57 yaks
  2 basilisks
  A vampire mosquito (D:14)
  4 nagas (Lair:2)
  A soldier ant (D:10)
  2 porcupines
  4 water moccasins
  A swamp drake (D:12)
  11 ice beasts
  A black bear (D:9)
  38 orc warriors
  2 eyes of draining (D:11)
  2 sky beasts
  8 centaurs
  7 necrophages (D:10)
  14 ogres
  4 phantoms
  7 wolves
  5 crocodiles
  5 big kobolds
  14 bullfrogs
  A gnoll sergeant (D:8)
  A water moccasin zombie (D:9)
  A wyvern skeleton (D:11)
  2 scorpions
  5 killer bees (D:13)
  8 wights
  An electric eel (Lair:1)
  3 howler monkeys
  3 bullfrog zombies
  5 crimson imps
  3 human zombies (Ossuary)
  4 jellies
  6 centaur zombies
  5 hounds
  29 orc priests
  3 bullfrog skeletons
  22 orc wizards
  4 centaur skeletons
  8 iguanas
  Natasha (thrice) (D:4)
  14 worker ants
  A killer bee zombie (D:7)
  A big kobold zombie (Ossuary)
  A bullfrog simulacrum (D:11)
  2 hound zombies
  2 human simulacra (D:11)
  3 hound skeletons
  2 mummies (Ossuary)
  2 worker ant zombies (D:10)
  6 gnolls
  7 adders
  2 howler monkey skeletons
  3 shadow imps
  5 white imps (IceCv)
  2 oozes (D:6)
  4 ufetubi (IceCv)
  4 adder zombies
  3 adder skeletons
  4 worms
  A dart slug (D:1)
  4 leopard geckos
  130 orcs
  3 ball pythons
  7 giant cockroaches
  12 goblins
  15 hobgoblins
  8 jackals
  6 quokkas
  8 bats
  3 frilled lizards
  A goblin zombie (Ossuary)
  11 hobgoblin zombies (Ossuary)
  28 kobolds
  8 kobold zombies (Ossuary)
  A leopard gecko skeleton (D:4)
  8 orc zombies (Ossuary)
  A quokka zombie (D:6)
  6 rats
  2 rat zombies (Ossuary)
747 creatures vanquished.

Vanquished Creatures (others)
  2 white imps (IceCv)
  3 ufetubi (IceCv)
  An orc (D:11)
  A quokka (D:8)
  A kobold (D:8)
  3 fungi (D:9)
  3 plants
  A withered plant (D:10)
15 creatures vanquished.

Grand Total: 762 creatures vanquished

Notes
Turn   | Place    | Note
-------+----------+-------------------------------------------
     0 | D:1      | Mjsee792 the Minotaur Fighter began the quest for the Orb.
     0 | D:1      | Reached XP level 1. HP: 19/19 MP: 0/0
    49 | D:1      | Reached XP level 2. HP: 27/27 MP: 1/1
   164 | D:1      | Reached skill level 4 in Shields
   719 | D:2      | Reached XP level 3. HP: 33/33 MP: 2/2
  1412 | D:3      | Reached XP level 4. HP: 41/41 MP: 3/3
  1809 | D:3      | Reached skill level 5 in Fighting
  1815 | D:3      | Reached skill level 5 in Armour
  1815 | D:3      | Reached skill level 5 in Shields
  1815 | D:3      | Reached XP level 5. HP: 26/48 MP: 4/4
  2513 | D:3      | Found a sparkling altar of Nemelex Xobeh.
  2811 | D:4      | Reached XP level 6. HP: 56/56 MP: 5/5
  3251 | D:4      | Reached skill level 6 in Shields
  3275 | D:4      | Noticed Natasha
  3282 | D:4      | Killed Natasha
  3289 | D:4      | Noticed Natasha
  3296 | D:4      | Killed Natasha
  3348 | D:4      | Noticed Natasha
  3354 | D:4      | Killed Natasha
  3354 | D:4      | Reached XP level 7. HP: 59/63 MP: 6/6
  3872 | D:4      | Found a staircase to the Ecumenical Temple.
  3979 | D:5      | Entered Level 5 of the Dungeon
  4006 | D:5      | Reached skill level 7 in Shields
  4055 | D:5      | Found a sand-covered staircase.
  4060 | Ossuary  | Entered an ossuary
  4259 | Ossuary  | Reached XP level 8. HP: 54/71 MP: 7/7
  4429 | D:5      | Reached skill level 8 in Shields
  4744 | Temple   | Entered the Ecumenical Temple
  4758 | Temple   | Became a worshipper of Warmaster Okawaru
  4874 | D:5      | Reached skill level 9 in Shields
  5427 | D:6      | Found Wuojanau's Antique Armour Boutique.
  5454 | D:6      | Bought a polished ring mail for 189 gold pieces
  5464 | D:6      | Identified the cursed +0 ring mail of Daisies {rElec} (You
                  | bought it in a shop on level 6 of the Dungeon)
  5802 | D:6      | Reached * piety under Okawaru
  5802 | D:6      | Reached skill level 10 in Shields
  5802 | D:6      | Reached XP level 9. HP: 78/81 MP: 8/8
  6266 | D:7      | Noticed a kobold demonologist
  6268 | D:7      | Noticed a kobold demonologist
  6270 | D:7      | Noticed a kobold demonologist
  6273 | D:7      | Noticed an ice devil
  6277 | D:7      | Noticed a kobold demonologist
  6277 | D:7      | Killed a kobold demonologist
  6295 | D:7      | Killed a kobold demonologist
  6295 | D:7      | Reached ** piety under Okawaru
  6322 | D:7      | Gained mutation: You are dopey. (Int -2) [a neqoxec]
  6323 | D:7      | Gained mutation: You are clumsy. (Dex -2) [a neqoxec]
  6340 | D:7      | Killed a kobold demonologist
  6340 | D:7      | Reached skill level 11 in Shields
  6342 | D:7      | Noticed an orange demon
  6357 | D:7      | Noticed a red devil
  6361 | D:7      | Killed a kobold demonologist
  6823 | D:6      | Bought a steaming ring mail for 189 gold pieces
  6833 | D:6      | Identified the +1 ring mail "Uttuon" {+Inv rPois Dex+3}
                  | (You bought it in a shop on level 6 of the Dungeon)
  7002 | D:7      | Found an ancient bone altar of Kikubaaqudgha.
  7113 | D:7      | Found an ornate altar of the Wu Jian Council.
  7124 | D:7      | Reached skill level 10 in Armour
  7133 | D:7      | Found a stormy altar of Qazlal.
  7330 | D:8      | Found a shimmering altar of Xom.
  7354 | D:8      | Reached *** piety under Okawaru
  7371 | D:8      | Reached XP level 10. HP: 62/91 MP: 9/9
  7398 | D:8      | Reached skill level 12 in Shields
  7613 | D:8      | Found a shimmering altar of Xom.
  7631 | D:8      | Found the ring of Robustness {AC+8}
  7651 | D:8      | Paralysed by a hornet for 1 turns
  7834 | D:8      | Found a white marble altar of Elyvilon.
  7841 | D:8      | Found a snail-covered altar of Cheibriados.
  8087 | D:8      | Found a shimmering altar of Xom.
  8089 | D:8      | Found a shimmering altar of Xom.
  8089 | D:8      | Found a shimmering altar of Xom.
  8089 | D:8      | Found a shimmering altar of Xom.
  8308 | D:8      | Found a bloodstained altar of Trog.
  8500 | D:9      | Noticed Psyche
  8515 | D:9      | Killed Psyche
  8515 | D:9      | Reached **** piety under Okawaru
  8515 | D:9      | Reached skill level 10 in Fighting
  8595 | D:9      | Reached skill level 13 in Shields
  8674 | D:9      | Noticed Prince Ribbit
  9279 | D:9      | Received a gift from Okawaru
  9306 | D:9      | Killed Prince Ribbit
  9306 | D:9      | Reached ***** piety under Okawaru
  9512 | D:9      | Found a staircase to the Lair.
  9648 | D:9      | Noticed a two-headed ogre
  9658 | D:9      | Killed a two-headed ogre
  9658 | D:9      | Received a gift from Okawaru
  9658 | D:9      | Reached skill level 14 in Shields
  9658 | D:9      | Reached XP level 11. HP: 96/101 MP: 10/10
  9696 | D:9      | Noticed Maurice
  9743 | D:9      | Found an iron altar of Okawaru.
  9959 | D:9      | Killed Maurice
 10415 | D:9      | Killed an unseen horror
 10468 | D:9      | Found a sparkling altar of Nemelex Xobeh.
 10533 | D:10     | Entered Level 10 of the Dungeon
 10796 | D:10     | Reached skill level 15 in Shields
 10884 | D:10     | Noticed Urug
 10906 | D:10     | Killed Urug
 11133 | D:10     | Identified a scroll of acquirement
 11475 | D:11     | Noticed a two-headed ogre
 11493 | D:11     | Killed a two-headed ogre
 11493 | D:11     | Reached ****** piety under Okawaru
 11580 | D:11     | Noticed Harold
 11587 | D:11     | Received a gift from Okawaru
 11608 | D:11     | Killed Harold
 11608 | D:11     | Reached XP level 12. HP: 40/112 MP: 11/11
 11623 | D:11     | Got a fine chain mail {god gift}
 11744 | D:11     | Found a frozen archway.
 11766 | D:11     | Reached skill level 16 in Shields
 12021 | D:11     | Identified the +2 chain mail "Oneuvuc" {rElec rF+++ rC-}
                  | (Okawaru gifted it to you on level 11 of the Dungeon)
 12197 | D:11     | Noticed a two-headed ogre
 12238 | D:11     | Noticed an ogre mage
 12281 | D:11     | Killed a two-headed ogre
 12287 | D:11     | Killed an ogre mage
 12705 | D:11     | Noticed Snorg
 12733 | D:11     | Killed Snorg
 13736 | D:12     | Noticed Sonja
 13854 | D:12     | Noticed Erolcha
 14050 | D:11     | Killed Erolcha
 14050 | D:11     | Reached skill level 17 in Shields
 14057 | D:12     | Noticed Fannar
 14096 | D:12     | Killed Fannar
 14296 | D:12     | Received a gift from Okawaru
 14365 | D:12     | Noticed Nergalle
 14439 | D:12     | Killed Nergalle
 14616 | D:12     | Found Baicho's Antique Weapon Emporium.
 14670 | D:13     | Noticed a four-headed hydra
 15130 | D:12     | Reached XP level 13. HP: 109/119 MP: 12/12
 15212 | D:12     | Found a sparkling altar of Nemelex Xobeh.
 15283 | D:12     | Killed Sonja
 15432 | D:12     | Reached skill level 18 in Shields
 15851 | D:12     | Found a staircase to the Orcish Mines.
 16682 | D:12     | Received a gift from Okawaru
 17336 | D:12     | Received a gift from Okawaru
 17617 | D:13     | Noticed a fire dragon
 18040 | D:6      | Bought an embroidered cloak for 157 gold pieces
 18254 | D:13     | Reached skill level 19 in Shields
 18260 | D:13     | Found a runed gate.
 18366 | D:13     | Found an opulent altar of Gozag.
 18366 | D:13     | Noticed Mjsee792's ghost (journeyman MiFi)
 18367 | D:13     | Found a runed gate.
 18367 | D:13     | Found a runed gate.
 18578 | D:14     | Found a gate to the Vaults.
 18589 | D:14     | Reached skill level 1 in Invocations
 18589 | D:14     | Reached skill level 1 in Evocations
 18621 | D:14     | Received a gift from Okawaru
 18694 | D:14     | HP: 3/122 [freezing wraith (33)]
 19381 | D:14     | Reached skill level 15 in Armour
 19594 | D:14     | Reached XP level 14. HP: 32/129 MP: 14/14
 20689 | D:15     | Entered Level 15 of the Dungeon
 20795 | D:15     | Found a hazy altar of Hepliaklqana.
 21303 | Orc:1    | Entered Level 1 of the Orcish Mines
 21303 | Orc:1    | Noticed an orc warlord
 21432 | D:12     | Killed an orc warlord
 22053 | Orc:1    | Received a gift from Okawaru
 22147 | Orc:1    | Found Gakouro's Book Shoppe.
 22335 | Orc:2    | Entered Level 2 of the Orcish Mines
 22462 | Orc:2    | Found a staircase to the Elven Halls.
 22498 | Orc:2    | Found Hoteh's Book Emporium.
 23780 | Orc:2    | Found a roughly hewn altar of Beogh.
 23987 | Orc:2    | Paralysed by an orc sorcerer for 5 turns
 24017 | Orc:2    | Paralysed by an orc sorcerer for 5 turns
 24026 | Orc:2    | Gained mutation: You do not regenerate when monsters are
                  | visible. [a neqoxec]
 24032 | Orc:2    | Reached skill level 20 in Shields
 24065 | Orc:2    | Noticed an orc warlord
 24823 | Lair:1   | Entered Level 1 of the Lair of Beasts
 26170 | Lair:2   | Found a staircase to the Snake Pit.
 27216 | Lair:3   | Found a frozen archway.
 27315 | IceCv    | Entered an ice cave
 28199 | IceCv    | Engulfed by an ice statue's freezing vapour

Skill      XL: |  1  2  3  4  5  6  7  8  9 10 11 12 13 14 |
---------------+-------------------------------------------+-----
Fighting       | 4 5 6 8 9 10 11 12 13 | 13.9
Shields        | 4 5 6 7 10 11 14 15 17 19 20 | 20.3
Armour         | 4 5 6 7 8 10 11 12 13 15 | 15.9
Invocations    | 2 4 |  4.0
Evocations     | 2 4 |  4.0
Polearms       | |  2.4

Action                   |  1- 3 |  4- 6 |  7- 9 | 10-12 | 13-15 || total
-------------------------+-------+-------+-------+-------+-------++-------
Melee: Trident           |   110 |   243 |   555 |  1288 |  1965 ||  4161
       Headbutt          |    16 |    46 |   110 |   324 |   467 ||   963
       Spear             |       |       |       |   170 |       ||   170
       Unarmed           |       |       |       |    11 |       ||    11
Invok: Heroism           |       |       |       |     1 |       ||     1
Evoke: Wand              |       |       |       |     5 |    14 ||    19
  Use: Scroll            |       |       |     7 |    20 |     6 ||    33
       Potion            |       |       |       |     2 |     3 ||     5
  Eat: Chunk             |     2 |     6 |    11 |    20 |    38 ||    77
       Ration            |       |       |     1 |     2 |     3 ||     6
Armor: Scale mail        |    30 |    88 |    12 |       |       ||   130
       Plate armour      |       |       |   203 |   402 |       ||   605
       Chain mail        |       |       |       |   230 |   912 ||  1142
Dodge: Dodged            |    20 |    53 |   123 |   595 |   831 ||  1622
Block: Shield            |    32 |   115 |   324 |  1115 |  1886 ||  3472
